Map: Terraform LE (Void)

Players

YKai

  • Race: Terran Terran
  • League: Gold

CunningStunt - Winner!

  • Race: Protoss Protoss
  • League: Gold

VOD

Have the link to the VOD?

Description

Time

  • Played on: Sept. 6, 2015, 1:45 a.m.
  • Length: 4:38
Show
View Real Time Build Order
Export as new Build Order

YKai Terran 

Build Orders:  

Get SALT Encoding   

  12  0:01  SCV  
  13  0:13  SCV  
  14  0:21  Supply Depot  
  14  0:29  SCV  
  15  0:47  Barracks  
  15  1:02  Barracks  
  15  1:20  Barracks  
  15  1:35  Barracks  
  15  1:38  Marine  
  16  1:51  Supply Depot  
  16  1:55  Marine  
  16  1:59  Marine  
  18  2:12  Marine  
  18  2:13  Marine  
  20  2:17  Marine  
  20  2:21  Marine  
  21  2:35  Marine  
  22  2:39  Marine  
  22  2:40  Marine  
  22  2:57  Marine x4  
  19  3:15  Marine x3  
  19  3:18  Marine  
  19  3:38  Marine x4  
  23  3:55  Marine  
  23  3:56  Marine x3  
  15  4:19  Marine x2  
Show
View Real Time Build Order
Export as new Build Order

CunningStunt Protoss - Winner!

Build Orders:  

Get SALT Encoding   

  12  0:00  Probe (Chrono Boost)  
  13  0:10  Probe (Chrono Boost)  
  14  0:19  Pylon  
  14  0:23  Probe (Chrono Boost)  
  15  0:37  Probe (Chrono Boost)  
  15  0:40  Gateway  
  16  0:47  Probe (Chrono Boost)  
  17  0:57  Probe (Chrono Boost)  
  18  1:15  Assimilator  
  18  1:18  Gateway  
  18  1:22  Probe (Chrono Boost)  
  18  1:25  Assimilator  
  19  1:29  Pylon  
  19  1:31  Cybernetics Core  
  19  1:34  Zealot  
  19  1:38  Probe (Chrono Boost)  
  22  1:48  Probe (Chrono Boost)  
  23  1:58  Probe (Chrono Boost)  
  24  2:06  Adept (Chrono Boost)  
  28  2:09  Warp Gate (Chrono Boost)  
  28  2:12  Adept (Chrono Boost)  
  28  2:13  Probe  
  29  2:18  Pylon  
  29  2:31  Adept (Chrono Boost)  
  31  2:42  Adept (Chrono Boost)  
  33  2:47  Mothership Core  
  31  3:08  Adept  
  31  3:09  Adept  
  35  3:14  Pylon  
  35  3:16  Probe  
  36  3:23  Robotics Facility  
  36  3:28  Probe  
  40  3:50  Gateway  
  36  4:06  Gateway  
  36  4:07  Adept x2, Pylon  
  38  4:20  Probe (Chrono Boost)  
  40  4:33  Nexus  
  40  4:35  Pylon  
Tags
 
Add a new tag
Caveats
  • Supply blocks, unpowered buildings, or Contaminate may cause inaccurate times.
  • Supply counts are checked every 10 seconds.